TOP OF THE 1ST |
Orlando Calrissian batting - Pitching for Seattle Pikes : RHP António Rijo
|
Pitching: RHP António Rijo
|
|
Batting: LHB Danny Allen
|
0-0: Ball 1-0: Ball 2-0: Called Strike 2-1: Ball 3-1: Base on Balls
|
Batting: LHB Leo Wyeth
|
0-0: Called Strike 0-1: Fly out, F8 (Flyball, 8LM)
|
Batting: LHB Santiago Márquez
|
0-0: Called Strike 0-1: Fielders Choice at 2nd, 4-6 (Groundball, 34)
|
Batting: RHB Jorge Rodríguez
|
0-0: Swinging Strike 0-1: Ball 1-1: Ball 2-1: Ball 3-1: Base on Balls Santiago Márquez to second
|
Batting: SHB Mark Simmons
|
0-0: Swinging Strike 0-1: Ball 1-1: Fly out, F6 (Popup, 56)
|
Top of the 1st over - 0 run(s), 0 hit(s), 0 error(s), 2 left on base; Orlando 0 - Seattle 0 |
BOTTOM OF THE 1ST |
Seattle Pikes batting - Pitching for Orlando Calrissian : RHP Reagan Wear
|
Pitching: RHP Reagan Wear
|
|
Batting: RHB Randy Sheppard
|
0-0: Foul Ball, location: 2F 0-1: Bunted foul 0-2: Ball 1-2: Ground out 4-3 (Groundball, 4M)
|
Batting: RHB Iván Gonzáles
|
0-0: Called Strike 0-1: Swinging Strike 0-2: Ball 1-2: Ball 2-2: Foul Ball, location: 2F 2-2: Fly out, F7 (Flyball, 78D)
|
Batting: LHB Robinson Fernández
|
0-0: Called Strike 0-1: Reached on Error, E8 (Flyball, 8LD)
|
Batting: RHB Manuel Rico
|
0-0: Fly out, F7 (Line Drive, 7D)
|
Bottom of the 1st over - 0 run(s), 0 hit(s), 1 error(s), 1 left on base; Orlando 0 - Seattle 0 |
TOP OF THE 2ND |
Orlando Calrissian batting - Pitching for Seattle Pikes : RHP António Rijo
|
Batting: LHB Rubén Díaz
|
0-0: Foul Ball, location: 2F 0-1: Foul Ball, location: 2F 0-2: Ball 1-2: Foul Ball, location: 2F 1-2: Foul Ball, location: 2F 1-2: Foul Ball, location: 2F 1-2: SINGLE (Line Drive, 6MD)
|
Batting: LHB Bryan Foster
|
0-0: Ball 1-0: SINGLE (Line Drive, 34D) Rubén Díaz to second
|
Batting: SHB Tim Abbott
|
0-0: SINGLE (Line Drive, 34) Rubén Díaz to third Bryan Foster to second Runner from 3rd tries for Home, SAFE, no throw or cutoff
|
Batting: RHB Eugene Gill
|
0-0: Fielders Choice at 2nd, U6 (Groundball, 6M) Bryan Foster to third
|
Batting: LHB Danny Allen
|
0-0: Ball 1-0: Foul Ball, location: 2F 1-1: Ball 2-1: Called Strike 2-2: DOUBLE (Line Drive, 89M) Bryan Foster scores Eugene Gill to third
|
Pinch Runner at 2nd Jesús Maes:
|
|
Batting: LHB Leo Wyeth
|
0-0: Foul Ball, location: 2F 0-1: Ball 1-1: Foul Ball, location: 2F 1-2: Foul Ball, location: 2F 1-2: Ball 2-2: Foul Ball, location: 2F 2-2: Ground out 6-3 (Groundball, 6M) Eugene Gill scores Jesús Maes to third
|
Batting: LHB Santiago Márquez
|
0-0: Ball 1-0: Foul Ball, location: 2F 1-1: Ball 2-1: Foul Ball, location: 2F 2-2: Foul Ball, location: 2F 2-2: 2-RUN HOME RUN (Flyball, 89XD), Distance : 436 ft
|
Batting: RHB Jorge Rodríguez
|
0-0: Called Strike 0-1: Ball 1-1: Foul Ball, location: 2F 1-2: Ball 2-2: Strikes out swinging
|
Top of the 2nd over - 5 run(s), 5 hit(s), 0 error(s), 0 left on base; Orlando 5 - Seattle 0 |
BOTTOM OF THE 2ND |
Seattle Pikes batting - Pitching for Orlando Calrissian : RHP Reagan Wear
|
Now in RF: Jesús Maes
|
|
Batting: LHB Eduardo Gómez
|
0-0: Fly out, F9 (Line Drive, 9M)
|
Batting: RHB Naomi Kitamura
|
0-0: Ball 1-0: Ball 2-0: Called Strike 2-1: Foul Ball, location: 2F 2-2: Ball 3-2: Foul Ball, location: 2F 3-2: Fly out, F9 (Flyball, 9M)
|
Batting: RHB Tae-kwon Kwon
|
0-0: Fly out, F3 (Popup, 3SF)
|
Bottom of the 2nd over - 0 run(s), 0 hit(s), 0 error(s), 0 left on base; Orlando 5 - Seattle 0 |
TOP OF THE 3RD |
Orlando Calrissian batting - Pitching for Seattle Pikes : RHP António Rijo
|
Batting: SHB Mark Simmons
|
0-0: Fly out, F6 (Popup, 6MS)
|
Batting: LHB Rubén Díaz
|
0-0: Called Strike 0-1: Called Strike 0-2: Strikes out looking
|
Batting: LHB Bryan Foster
|
0-0: Swinging Strike 0-1: Ground out 3-1 (Groundball, 34)
|
Top of the 3rd over - 0 run(s), 0 hit(s), 0 error(s), 0 left on base; Orlando 5 - Seattle 0 |
BOTTOM OF THE 3RD |
Seattle Pikes batting - Pitching for Orlando Calrissian : RHP Reagan Wear
|
Batting: SHB Jong-min Kim
|
0-0: Called Strike 0-1: Ball 1-1: Ball 2-1: Fly out, F7 (Flyball, 78D)
|
Now in LF: Juan Aquino
|
|
Batting: LHB Bruno Lalonde
|
0-0: Called Strike 0-1: Bunted foul 0-2: Strikes out swinging
|
Batting: RHB Randy Sheppard
|
0-0: Called Strike 0-1: Ground out 5-3 (Groundball, 5S)
|
Bottom of the 3rd over - 0 run(s), 0 hit(s), 0 error(s), 0 left on base; Orlando 5 - Seattle 0 |
TOP OF THE 4TH |
Orlando Calrissian batting - Pitching for Seattle Pikes : RHP António Rijo
|
Batting: SHB Tim Abbott
|
0-0: Ball 1-0: Swinging Strike 1-1: Ball 2-1: Called Strike 2-2: Ball 3-2: Foul Ball, location: 2F 3-2: SINGLE (Groundball, 34D)
|
Batting: RHB Eugene Gill
|
0-0: Ball 1-0: Grounds into double play, 4-6-3 (Groundball, 4)
|
Batting: RHB Jesús Maes
|
0-0: Ball 1-0: Called Strike 1-1: SOLO HOME RUN (Flyball, 7D), Distance : 372 ft
|
Batting: RHB Juan Aquino
|
0-0: Ground out 5-3 (Groundball, 56)
|
Top of the 4th over - 1 run(s), 2 hit(s), 0 error(s), 0 left on base; Orlando 6 - Seattle 0 |
BOTTOM OF THE 4TH |
Seattle Pikes batting - Pitching for Orlando Calrissian : RHP Reagan Wear
|
Batting: RHB Iván Gonzáles
|
0-0: Ball 1-0: Called Strike 1-1: Foul Ball, location: 2F 1-2: Fly out, F5 (Popup, 25F)
|
Batting: LHB Robinson Fernández
|
0-0: Foul Ball, location: 2F 0-1: Called Strike 0-2: Ball 1-2: SINGLE (Groundball, 6MD)
|
Batting: RHB Manuel Rico
|
0-0: DOUBLE (Line Drive, 7D) Robinson Fernández to third
|
Batting: LHB Eduardo Gómez
|
0-0: Called Strike 0-1: Foul Ball, location: 2F 0-2: Strikes out swinging
|
Batting: RHB Naomi Kitamura
|
0-0: Ball 1-0: Ball 2-0: Called Strike 2-1: Swinging Strike 2-2: Strikes out swinging
|
Bottom of the 4th over - 0 run(s), 2 hit(s), 0 error(s), 2 left on base; Orlando 6 - Seattle 0 |
TOP OF THE 5TH |
Orlando Calrissian batting - Pitching for Seattle Pikes : RHP António Rijo
|
Batting: LHB Santiago Márquez
|
0-0: Swinging Strike 0-1: Ball 1-1: Ball 2-1: Foul Ball, location: 2F 2-2: Fly out, F4 (Line Drive, 4)
|
Batting: RHB Jorge Rodríguez
|
0-0: Called Strike 0-1: Foul Ball, location: 2F 0-2: Ball 1-2: Ball 2-2: Fly out, F9 (Line Drive, 9M)
|
Batting: SHB Mark Simmons
|
0-0: SOLO HOME RUN (Flyball, 9D) (Inside the Park)
|
Pitching: LHP John Whitaker
|
|
Batting: LHB Rubén Díaz
|
0-0: Ball 1-0: Ball 2-0: SINGLE (Line Drive, 7S)
|
Batting: LHB Bryan Foster
|
0-0: Called Strike Rubén Díaz is caught stealing 2nd base
|
Top of the 5th over - 1 run(s), 2 hit(s), 0 error(s), 0 left on base; Orlando 7 - Seattle 0 |
BOTTOM OF THE 5TH |
Seattle Pikes batting - Pitching for Orlando Calrissian : RHP Reagan Wear
|
Batting: RHB Tae-kwon Kwon
|
0-0: Ball 1-0: SINGLE (Flyball, 9LS)
|
Batting: SHB Jong-min Kim
|
0-0: Ball Passed Ball! Tae-kwon Kwon to second 1-0: Foul Ball, location: 2F 1-1: Foul Ball, location: 2F 1-2: Ball 2-2: Ground out U3 (Groundball, 3) Tae-kwon Kwon to third
|
Batting: LHB Bruno Lalonde
|
0-0: Ball 1-0: Called Strike 1-1: Swinging Strike 1-2: Strikes out looking
|
Batting: RHB Randy Sheppard
|
0-0: Foul Ball, location: 2F 0-1: Foul Ball, location: 2F 0-2: Ball 1-2: Ground out 5-3 (Groundball, 5)
|
Bottom of the 5th over - 0 run(s), 1 hit(s), 0 error(s), 1 left on base; Orlando 7 - Seattle 0 |
TOP OF THE 6TH |
Orlando Calrissian batting - Pitching for Seattle Pikes : LHP John Whitaker
|
Batting: LHB Bryan Foster
|
0-0: DOUBLE (Flyball, 89D)
|
Batting: SHB Tim Abbott
|
0-0: Called Strike 0-1: Called Strike 0-2: Strikes out looking
|
Batting: RHB Eugene Gill
|
0-0: Ball 1-0: Ball 2-0: Ball 3-0: Called Strike 3-1: Base on Balls
|
Batting: RHB Jesús Maes
|
0-0: Fly out, F4 (Popup, 4MS)
|
Batting: RHB Juan Aquino
|
0-0: 3-RUN HOME RUN (Flyball, 8LXD), Distance : 436 ft
|
Batting: LHB Santiago Márquez
|
0-0: Foul Ball, location: 2F 0-1: Foul Ball, location: 2F 0-2: Ball 1-2: Strikes out looking
|
Top of the 6th over - 3 run(s), 2 hit(s), 0 error(s), 0 left on base; Orlando 10 - Seattle 0 |
BOTTOM OF THE 6TH |
Seattle Pikes batting - Pitching for Orlando Calrissian : RHP Reagan Wear
|
Batting: RHB Iván Gonzáles
|
0-0: Called Strike 0-1: Ground out 4-3 (Groundball, 4M)
|
Batting: LHB Robinson Fernández
|
0-0: Ball 1-0: Ball 2-0: Ball 3-0: Swinging Strike 3-1: Called Strike 3-2: Strikes out swinging
|
Batting: RHB Manuel Rico
|
0-0: Called Strike 0-1: Swinging Strike 0-2: Ball 1-2: Foul Ball, location: 2F 1-2: Ball 2-2: Fly out, F5 (Line Drive, 5)
|
Bottom of the 6th over - 0 run(s), 0 hit(s), 0 error(s), 0 left on base; Orlando 10 - Seattle 0 |
TOP OF THE 7TH |
Orlando Calrissian batting - Pitching for Seattle Pikes : LHP John Whitaker
|
Pitching: RHP Jesús Mendoza
|
|
Batting: RHB Jorge Rodríguez
|
0-0: Called Strike 0-1: Ball 1-1: Foul Ball, location: 2F 1-2: SINGLE (Line Drive, 9S)
|
Batting: SHB Mark Simmons
|
0-0: Ball 1-0: Foul Ball, location: 2F 1-1: Ball 2-1: Swinging Strike 2-2: Strikes out swinging
|
Batting: LHB Rubén Díaz
|
0-0: Called Strike 0-1: Ball 1-1: SINGLE (Line Drive, 5D) Jorge Rodríguez to second
|
Batting: LHB Bryan Foster
|
0-0: Called Strike 0-1: Ball 1-1: Swinging Strike 1-2: Strikes out swinging
|
Batting: SHB Tim Abbott
|
0-0: Called Strike 0-1: Foul Ball, location: 2F 0-2: Ball 1-2: Ball 2-2: Foul Ball, location: 2F 2-2: Ball 3-2: Strikes out looking
|
Top of the 7th over - 0 run(s), 2 hit(s), 0 error(s), 2 left on base; Orlando 10 - Seattle 0 |
BOTTOM OF THE 7TH |
Seattle Pikes batting - Pitching for Orlando Calrissian : RHP Reagan Wear
|
Batting: LHB Eduardo Gómez
|
0-0: Called Strike 0-1: Foul Ball, location: 2F 0-2: Strikes out looking
|
Batting: RHB Naomi Kitamura
|
0-0: Ball 1-0: Foul Ball, location: 2F 1-1: Called Strike 1-2: Strikes out looking
|
Batting: RHB Tae-kwon Kwon
|
0-0: Foul Ball, location: 2F 0-1: SINGLE (Line Drive, 4M)
|
Batting: SHB Jong-min Kim
|
0-0: Called Strike 0-1: Ball 1-1: Ball 2-1: Fly out, F7 (Line Drive, 7S)
|
Bottom of the 7th over - 0 run(s), 1 hit(s), 0 error(s), 1 left on base; Orlando 10 - Seattle 0 |
TOP OF THE 8TH |
Orlando Calrissian batting - Pitching for Seattle Pikes : RHP Jesús Mendoza
|
Batting: RHB Eugene Gill
|
0-0: Called Strike 0-1: Ball 1-1: Foul Ball, location: 2F 1-2: Foul Ball, location: 2F 1-2: Strikes out swinging
|
Batting: RHB Jesús Maes
|
0-0: Called Strike 0-1: Fly out, F4 (Popup, 4D)
|
Batting: RHB Juan Aquino
|
0-0: Called Strike 0-1: Ball 1-1: Foul Ball, location: 2F 1-2: Fly out, F7 (Flyball, 78M)
|
Top of the 8th over - 0 run(s), 0 hit(s), 0 error(s), 0 left on base; Orlando 10 - Seattle 0 |
BOTTOM OF THE 8TH |
Seattle Pikes batting - Pitching for Orlando Calrissian : RHP Reagan Wear
|
Batting: LHB Bruno Lalonde
|
0-0: Ball 1-0: Ball 2-0: Ball 3-0: Base on Balls
|
Batting: RHB Randy Sheppard
|
0-0: Fly out, F7 (Flyball, 7M)
|
Batting: RHB Iván Gonzáles
|
0-0: Ball 1-0: Foul Ball, location: 2F 1-1: DOUBLE (Flyball, 9LM) Bruno Lalonde to third Runner from 3rd tries for Home, SAFE, no throw or cutoff
|
Batting: LHB Robinson Fernández
|
0-0: Foul Ball, location: 2F 0-1: Swinging Strike 0-2: Ball 1-2: SINGLE (Flyball, 7LS) Iván Gonzáles to third
|
Pitching: LHP Mark Murchison
|
|
Batting: RHB Manuel Rico
|
0-0: Reached on error, E1 (Groundball, 15) Iván Gonzáles scores Robinson Fernández to second
|
Batting: LHB Eduardo Gómez
|
0-0: Foul Ball, location: 2F 0-1: Ball 1-1: Foul Ball, location: 2F 1-2: Foul Ball, location: 2F 1-2: Ball 2-2: Grounds into double play, 4-6-3 (Groundball, 4)
|
Bottom of the 8th over - 2 run(s), 2 hit(s), 1 error(s), 1 left on base; Orlando 10 - Seattle 2 |
TOP OF THE 9TH |
Orlando Calrissian batting - Pitching for Seattle Pikes : RHP Jesús Mendoza
|
Batting: LHB Santiago Márquez
|
0-0: Ball 1-0: Called Strike 1-1: Ball 2-1: Foul Ball, location: 2F 2-2: Ball 3-2: Foul Ball, location: 2F 3-2: SOLO HOME RUN (Flyball, 9D), Distance : 454 ft
|
Batting: RHB Jorge Rodríguez
|
0-0: Ball 1-0: Swinging Strike 1-1: Reached on error, E6 (Groundball, 6M)
|
Batting: SHB Mark Simmons
|
0-0: Called Strike 0-1: Ball 1-1: Fly out, F7 (Flyball, 7S)
|
Batting: LHB Rubén Díaz
|
0-0: Called Strike 0-1: Foul Ball, location: 2F 0-2: Ball 1-2: Foul Ball, location: 2F 1-2: Ground out U3 (Groundball, 3S) Jorge Rodríguez to third
|
Batting: LHB Bryan Foster
|
0-0: Called Strike 0-1: SINGLE (Line Drive, 8RS) Jorge Rodríguez scores
|
Batting: SHB Tim Abbott
|
0-0: SINGLE (Groundball, 4MD) Bryan Foster to second
|
Batting: RHB Eugene Gill
|
0-0: SINGLE (Groundball, 4MD) Bryan Foster to third Tim Abbott to second Runner from 3rd tries for Home, SAFE, no throw or cutoff
|
Batting: RHB Jesús Maes
|
0-0: Ball 1-0: Ball 2-0: Called Strike 2-1: SINGLE (Line Drive, 4M) Tim Abbott to third Eugene Gill to second Runner from 3rd tries for Home, SAFE, no throw or cutoff
|
Batting: RHB Juan Aquino
|
0-0: Called Strike 0-1: Ball 1-1: Ball 2-1: Foul Ball, location: 2F 2-2: Foul Ball, location: 2F 2-2: DOUBLE (Line Drive, 9LM) Eugene Gill scores Jesús Maes to third Runner from 3rd tries for Home, SAFE, no throw or cutoff
|
Pitching: RHP Ernesto Beltrán
|
|
Batting: LHB Santiago Márquez
|
0-0: Ball 1-0: Ball 2-0: Called Strike 2-1: Ball 3-1: Base on Balls
|
Batting: RHB Jorge Rodríguez
|
0-0: Ball 1-0: Called Strike 1-1: Ball 2-1: Ball 3-1: Base on Balls Juan Aquino to third Santiago Márquez to second
|
Batting: SHB Mark Simmons
|
0-0: Ball 1-0: SINGLE (Line Drive, 4) Juan Aquino scores Santiago Márquez to third Jorge Rodríguez to second
|
Batting: LHB Rubén Díaz
|
0-0: Called Strike 0-1: Ball 1-1: Ball 2-1: Foul Ball, location: 2F 2-2: Strikes out looking
|
Top of the 9th over - 7 run(s), 7 hit(s), 1 error(s), 3 left on base; Orlando 17 - Seattle 2 |
BOTTOM OF THE 9TH |
Seattle Pikes batting - Pitching for Orlando Calrissian : LHP Mark Murchison
|
Now at 1B: Tom Mullins
|
|
Batting: RHB Naomi Kitamura
|
0-0: Foul Ball, location: 2F 0-1: Called Strike 0-2: Strikes out swinging
|
Batting: RHB Tae-kwon Kwon
|
0-0: Called Strike 0-1: Ground out 6-3 (Groundball, 6)
|
Batting: SHB Jong-min Kim
|
0-0: Foul Ball, location: 2F 0-1: Ground out 4-3 (Groundball, 4MS)
|
Bottom of the 9th over - 0 run(s), 0 hit(s), 0 error(s), 0 left on base; Orlando 17 - Seattle 2 |
|